 Dungeon Crawl Stone Soup version 0.23-a0-703-gdf2d5e0 (console) character file.

72 bli the Chopper (level 4, 0/35 HPs)
             Began as a Formicid Abyssal Knight on Jan 13, 2019.
             Was a Believer of Lugonu.
             Slain by Sigmund
             ... wielding a +0 scythe of venom
              (11 damage)
             ... on level 3 of the Dungeon.
             The game lasted 00:04:54 (2178 turns).

bli the Chopper (Formicid Abyssal Knight)           Turns: 2178, Time: 00:04:55

Health: 0/35       AC:  5    Str: 18    XL:     4   Next: 48%
Magic:  5/5        EV: 11    Int: 11    God:    Lugonu [**....]
Gold:   51         SH:  0    Dex: 10    Spells: 3/3 levels left

rFire    + . .     SeeInvis +   a - +1 hand axe
rCold    + . .     Gourm    .   (no shield)
rNeg     + . .     Faith    .   b - +0 leather armour
rPois    +         Spirit   .   (helmet unavailable)
rElec    +         Reflect  .   (no cloak)
rCorr    +         Harm     .   (no gloves)
MR       .....                  r - +1 pair of boots
Stlth    ..........             (no amulet)
HPRegen  0.11/turn              q - ring of positive energy
MPRegen  0.09/turn              (no ring)

@: confused, lethally poisoned (0 -> -5), resistant, flying
A: permanent stasis, dig shafts and tunnels, four strong arms, antennae 3
a: Dig, Shaft Self, Depart the Abyss, Bend Space, Renounce Religion


You were on level 3 of the Dungeon.
You worshipped Lugonu.
Lugonu was pleased with you.
You were not hungry.

You visited 1 branch of the dungeon, and saw 3 of its levels.
You visited the Abyss 1 time.

You collected 51 gold pieces.

Inventory:

Hand Weapons
 a - a +1 hand axe (weapon)
 s - a +0 spear
Missiles
 g - 27 sling bullets
 i - 15 stones (quivered)
Armour
 b - a +0 leather armour (worn)
 m - a +0 ring mail
 r - a +1 pair of boots (worn)
Jewellery
 q - a ring of positive energy (left hand)
Scrolls
 d - 2 scrolls of identify {unknown}
 f - a scroll of teleportation {unknown}
 h - a scroll of random uselessness {unknown}
 k - a scroll of fear {unknown}
 l - a scroll of blinking {unknown}
 p - 2 scrolls of enchant weapon {unknown}
 t - a scroll of remove curse {unknown}
Potions
 e - a potion of resistance
 n - a potion of ambrosia
Comestibles
 c - 6 rations
 o - 7 chunks of flesh


   Skills:
 * Level 3.4 Fighting
 * Level 4.2 Axes
 - Level 2.1 Armour
 - Level 1.0 Dodging
 - Level 2.1 Invocations


You had 3 spell levels left.
You didn't know any spells.
Your spell library contained the following spells:

 Spells                   Type           Power        Failure   Level  Hunger
 Inner Flame              Hex/Fire       #.......     77%         3    ####...
 Airstrike                Air            #.........   99%         4    #####..
 Bolt of Magma            Conj/Fire/Erth #.........   100%        5    ######.
 Ignition                 Fire           #.........   100%        8    #######


Dungeon Overview and Level Annotations

Branches:
Dungeon (3/15)

Altars:

Annotations:
D:3 Sigmund


Innate Abilities, Weirdness & Mutations

You cannot be hasted, slowed, berserked, paralysed or teleported.
You can dig through walls and to a lower floor.
Your four strong arms can wield two-handed weapons with a shield.
You have a pair of large antennae on your head. (SInv)


Message History

You feel less invigorated.
You feel sick. Sigmund misses you.
You feel sick.
Sigmund mumbles some strange words.
Sigmund flickers and vanishes for a moment.
Found 8 gold pieces.
You hit Sigmund.
Sigmund is almost dead.
You feel sick. Sigmund closely misses you.
You bump into the rock wall.
You feel sick.
You closely miss Sigmund.
Sigmund is almost dead.
You feel less confused. Sigmund casts a spell at you.
You are confused.
You bump into the rock wall.
You feel sick. Sigmund closely misses you.
You're too confused to move!
You feel sick. Sigmund closely misses you.
You bump into the rock wall.
You bump into the rock wall.
You feel sick.
Sigmund hits you with a +0 scythe of venom!
You die...

#.. ######
>.##....#
..#....# ##
...!..#
..#.....####
........^
#.?..#
#.<..#
#.†?.#
#@@..#
#.#### ...#
.{...#
...#..$
####..# #...
#.#.


You could see Sigmund (invisible).

Vanquished Creatures
  3 adders (D:2)
  A worm (D:2)
  2 dart slugs (D:2)
  2 leopard geckos (D:1)
  3 bats
  3 giant cockroaches (D:2)
  3 goblins
  4 hobgoblins
  2 jackals (D:2)
  6 kobolds
  3 frilled lizards
  7 rats
39 creatures vanquished.

Notes
Turn   | Place    | Note
-------+----------+-------------------------------------------
     0 | Abyss:1  | bli the Formicid Abyssal Knight began the quest for the
                  | Orb.
     0 | Abyss:1  | Reached XP level 1. HP: 18/18 MP: 2/2
    53 | Abyss:2  | Identified the Disquisition on Flight and the Volcanoes
    61 | Abyss:2  | Noticed a thrashing horror
    64 | D:1      | Escaped the Abyss
    70 | D:1      | Reached * piety under Lugonu
   313 | D:1      | Reached XP level 2. HP: 24/24 MP: 3/3
   536 | D:1      | Reached skill level 3 in Axes
  1011 | D:2      | Reached XP level 3. HP: 23/29 MP: 4/4
  1658 | D:2      | Reached skill level 4 in Axes
  1658 | D:2      | Reached XP level 4. HP: 31/35 MP: 5/5
  1993 | D:2      | Reached skill level 1 in Dodging
  2123 | D:2      | Reached ** piety under Lugonu
  2153 | D:3      | Noticed Sigmund
  2178 | D:3      | Slain by Sigmund

Vault maps used:
D:1:      dpeg_arrival_central
D:3:      old_standard_altar, first_ration, uniq_sigmund

Skill      XL: |  1  2  3  4 |
---------------+-------------+-----
Axes           | 3 4 |  4.2
Dodging        | 1 |  1.0
Fighting       | |  3.4
Armour         | |  2.1
Invocations    | |  2.1

Action                   |  1- 3 |  4- 6 || total
-------------------------+-------+-------++-------
Melee: Hand axe          |    76 |    49 ||   125
Throw: Stone             |     5 |     4 ||     9
Invok: Depart the Abyss  |     1 |       ||     1
 Abil: Dig               |     1 |       ||     1
  Use: Potion            |       |     3 ||     3
  Eat: Chunk             |     2 |     2 ||     4
Armor: Leather armour    |    23 |    16 ||    39
Dodge: Dodged            |    59 |    38 ||    97

Table legend:
 A = Non-vault XP
 B = Vault XP
 C = Vault XP percentage of total XP
 D = Non-vault monster count
 E = Vault monster count
 F = Vault count percentage of total count
                 A         B        C        D         E       F
            +---------+---------+-------+---------+---------+-------
      Total |     103 |       0 |   0.0 |      39 |       0 |   0.0
            +---------+---------+-------+---------+---------+-------
        D:1 |      23 |       0 |   0.0 |      15 |       0 |   0.0
        D:2 |      77 |       0 |   0.0 |      22 |       0 |   0.0
        D:3 |       3 |       0 |   0.0 |       2 |       0 |   0.0
            +---------+---------+-------+---------+---------+-------
